 Dungeon Crawl Stone Soup version 0.23.2-1-ga50397a (webtiles) character file.

Game seed: 5724255560186824361

196 myga the Ruffian (level 5, -4/46 HPs)
             Began as a Ghoul Monk on May 1, 2019.
             Slain by a gnoll
             ... wielding a +0 halberd
              (7 damage)
             ... on level 3 of the Dungeon.
             The game lasted 00:11:51 (2368 turns).

myga the Ruffian (Ghoul Monk)                       Turns: 2368, Time: 00:11:52

Health: -4/46      AC: 10    Str: 15    XL:     5   Next: 74%
Magic:  4/4        EV:  2    Int:  5    God:
Gold:   209        SH: 10    Dex: 12    Spells: 4/4 levels left

rFire    . . .     SeeInvis .     - Unarmed
rCold    + . .     Gourm    .   o - +0 large shield
rNeg     + + +     Faith    .   q - +0 chain mail
rPois    ∞         Spirit   .   (no helmet)
rElec    .         Reflect  .   (no cloak)
rCorr    .         Harm     .   (no gloves)
MR       .....                  l - +0 pair of boots
Stlth    ..........             (no amulet)
HPRegen  0.00/turn              j - +1 ring of protection
MPRegen  0.09/turn              (no ring)

@: rotting
A: rotting body, claws 1, carnivore, cold resistance 1, negative energy
resistance 3, inhibited regeneration, torment resistance, unbreathing
a: no special abilities


You were on level 3 of the Dungeon.
You were not hungry.

You visited 1 branch of the dungeon, and saw 3 of its levels.

You collected 209 gold pieces.

Inventory:

Missiles
 d - 41 stones (quivered)
Armour
 l - a +0 pair of boots (worn)
 o - a +0 large shield (worn)
 q - a +0 chain mail (worn)
Jewellery
 j - a +1 ring of protection (left claw)
Scrolls
 c - a scroll of enchant weapon
 g - a scroll of magic mapping
 m - a scroll of noise {unknown}
 n - 2 scrolls of identify {unknown}
 p - a scroll of remove curse {unknown}
Potions
 a - a potion of resistance
 e - a potion of berserk rage
 f - 3 potions of curing
 i - a potion of lignification
 k - a potion of flight
Comestibles
 b - 7 rations
 h - 5 chunks of flesh


   Skills:
 + Level 3.9 Fighting
 + Level 1.2 Throwing
 + Level 1.4 Armour
 + Level 3.5 Dodging
 + Level 2.2 Stealth
 + Level 0.2 Shields
 + Level 5.0 Unarmed Combat


You had 4 spell levels left.
You didn't know any spells.
Your spell library was empty.

Dungeon Overview and Level Annotations

Branches:
Dungeon (3/15)

Altars:


Innate Abilities, Weirdness & Mutations

Your body is rotting away.
You thrive on raw meat.
You are immune to poison.
You have sharp fingernails.
You are carnivorous and can eat meat at any time.
Your flesh is cold resistant. (rC+)
You are immune to negative energy. (rN+++)
You do not regenerate when monsters are visible.
You are immune to unholy pain and torment.
You can survive without breathing.


Message History

You claw the rat!
You kill the rat!
You block the gnoll's attack.
The gnoll hits you from afar with a +0 halberd!
Some of the chunks of flesh in your inventory have rotted away.
Things that are here:
a +0 whip; a rat corpse You scratch the gnoll.
The gnoll is lightly wounded.
The gnoll hits you with a +0 halberd.
* * * LOW HITPOINT WARNING * * *
You closely miss the gnoll. The gnoll hits you with a +0 halberd.
* * * LOW HITPOINT WARNING * * *
Okay, then.
Okay, then.
It was a potion of berserk rage.
You cannot raise a blood rage in your lifeless body.
You block the gnoll's attack.
You closely miss the gnoll. The gnoll hits you with a +0 halberd!
You die...

##.##########.##....÷.
#..................... .#
#..##########...)..... (..
#..# ##........ .... #..#
#..#+##.. ..... #.)#
##....... ......##..#
#.#.##..
......'...############...##..
......###.(g@...............#
..... #####....######..##.#
.... #....# .> #.# (.. ######
#.# .. [


You could see a gnoll.

Vanquished Creatures
  Jessica (D:3)
  Terence (D:3)
  3 gnolls (D:3)
  3 adders
  A worm (D:2)
  6 dart slugs
  4 leopard geckos
  An orc (D:3)
  3 giant cockroaches
  A hobgoblin (D:2)
  4 jackals (D:3)
  9 kobolds
  2 quokkas
  9 bats
  5 frilled lizards
  9 goblins
  13 rats
75 creatures vanquished.

Notes
Turn   | Place    | Note
-------+----------+-------------------------------------------
     0 | D:1      | myga the Ghoul Monk began the quest for the Orb.
     0 | D:1      | Reached XP level 1. HP: 19/19 MP: 0/0
    59 | D:1      | Reached XP level 2. HP: 12/25 MP: 1/1
   468 | D:1      | Reached XP level 3. HP: 26/33 MP: 2/2
  1317 | D:2      | Reached skill level 4 in Unarmed Combat
  1406 | D:2      | Reached XP level 4. HP: 40/40 MP: 3/3
  2033 | D:3      | Noticed Terence
  2055 | D:3      | Killed Terence
  2055 | D:3      | Reached XP level 5. HP: 39/46 MP: 4/4
  2237 | D:3      | Noticed Jessica
  2252 | D:3      | Killed Jessica
  2252 | D:3      | Reached skill level 1 in Armour
  2344 | D:3      | Reached skill level 1 in Throwing
  2346 | D:3      | Reached skill level 5 in Unarmed Combat
  2368 | D:3      | Slain by a gnoll

Skill      XL: |  1  2  3  4  5 |
---------------+----------------+-----
Dodging        | 3 |  3.5
Unarmed Combat | 4 5 |  5.0
Armour         | 1 |  1.4
Throwing       | 1 |  1.2
Fighting       | |  3.9
Stealth        | |  2.2
Shields        | |  0.2

Action                   |  1- 3 |  4- 6 || total
-------------------------+-------+-------++-------
Melee: Unarmed           |   108 |   125 ||   233
       Punch             |     2 |       ||     2
Throw: Stone             |    23 |    46 ||    69
  Use: Potion            |     2 |     3 ||     5
       Scroll            |       |     2 ||     2
  Eat: Chunk             |     2 |     3 ||     5
Armor: Robe              |    15 |       ||    15
       Scale mail        |    12 |    30 ||    42
       Chain mail        |       |    16 ||    16
Dodge: Dodged            |    57 |    22 ||    79
Block: Large shield      |       |    56 ||    56
